 Dungeon Crawl Stone Soup version 0.31-a0-1227-g0136665373 (webtiles) character file.

Game seed: 11548144881833433942

165770 Lobster4 the Warrior (level 17, -6/158 HPs)
             Began as a Hill Orc Fire Elementalist on Dec 14, 2023.
             Was a High Priest of Sif Muna.
             Mangled by Agnes
             ... wielding a +7 vampiric lajatang
              (28 damage)
             ... on level 1 of the Snake Pit on Dec 15, 2023.
             The game lasted 02:21:44 (49265 turns).

Lobster4 the Warrior (Hill Orc Fire Elementalist)  Turns: 49265, Time: 02:21:45

Health: -6/158     AC: 21    Str: 17    XL:     17   Next: 59%
Magic:  26/36      EV: 12    Int: 17    God:    Sif Muna [*****.]
Gold:   1786       SH: 11    Dex: 11    Spells: 15/30 levels left

rFire   . . .        a - +2 broad axe (spect)
rCold   . . .        z - +1 buckler
rNeg    + . .        A - +4 Cigotuvi's embrace {Corpsefed rMiasma ^Drain rN+}
rPois   +            s - +2 hat {Will+}
rElec   .            M - +2 cloak
rCorr   .            d - +2 pair of gloves
SInv    .            m - +2 pair of boots
Will    ++...        U - amulet of reflection
Stlth   ++           q - ring of magical power
HPRegen 0.46/turn    B - ring of poison resistance
MPRegen 0.25/turn

%: reflection
@: no status effects
A: no striking features
}: 1/15 runes: decaying
a: Renounce Religion, Channel Magic, Forget Spell, Divine Exegesis


You were on level 1 of the Snake Pit.
You worshipped Sif Muna.
Sif Muna was extremely pleased with you.
You visited 5 branches of the dungeon, and saw 27 of its levels.
You also visited: Ossuary and Ice Cave.

You collected 3143 gold pieces.
You spent 1357 gold pieces at shops.

Inventory:

Hand Weapons
 a - a +2 spectral broad axe (weapon)
 b - a +1 hand cannon of freezing
 j - a +0 war axe of protection
 K - a +1 war axe of freezing
Missiles
 i - 44 poisoned darts (quivered)
 n - 5 datura-tipped darts
 T - 2 curare-tipped darts
Armour
 d - a +2 pair of gloves (worn)
 m - a +2 pair of boots (worn)
 s - a +2 hat of willpower (worn)
 z - a +1 buckler (worn)
 A - the +4 Cigotuvi's embrace (worn) {Corpsefed rMiasma ^Drain rN+}
   (You bought it in a shop on level 2 of the Orcish Mines)

   Corpsefed: It gathers nearby corpses to temporarily increase the armour it
   provides.
   rMiasma:   It protects you from foul pestilence.
   rN+:       It protects you from negative energy.
   ^Drain:    It drains your maximum health when unequipped.
 M - a +2 cloak (worn)
 O - a +1 robe of resistance
Magical Staves
 N - a staff of air
Jewellery
 f - a ring of resist corrosion
 q - a ring of magical power (left hand)
 r - a ring of protection from cold
 B - a ring of poison resistance (right hand)
 Q - the necklace of Bloodlust {Fury *Rage Will++ Int-3 Slay+6}
   (You found it on level 14 of the Dungeon)

   [amulet of nothing]

   Fury:      It extends the wearer's berserk rage when killing foes.
   Int-3:     It affects your intelligence (-3).
   Slay+6:    It affects your accuracy & damage with ranged weapons and melee
   (+6).
   Will++:    It greatly increases your willpower.
   *Rage:     It berserks you when you make melee attacks (+50% chance).
 U - an amulet of reflection (around neck)
 Z - a ring of fire
Wands
 e - a wand of acid (5)
 o - a wand of iceblast (4)
 H - a wand of mindburst (8)
 I - a wand of charming (9)
 J - a wand of polymorph (7)
 L - a wand of flame (30)
Scrolls
 c - 3 scrolls of enchant armour
 g - 4 scrolls of brand weapon
 h - a scroll of fog
 p - 4 scrolls of blinking
 v - a scroll of teleportation
 y - 3 scrolls of fear
 R - a scroll of revelation
 V - 2 scrolls of enchant weapon
 X - 2 scrolls of poison
 Y - 6 scrolls of identify
Potions
 k - 3 potions of mutation
 l - 9 potions of lignification
 t - 3 potions of brilliance
 u - 3 potions of berserk rage
 w - 7 potions of attraction
 x - 6 potions of heal wounds
 C - a potion of resistance
 D - 15 potions of curing
 E - 13 potions of ambrosia
 F - a potion of might
 G - a potion of enlightenment
 P - 2 potions of haste
Miscellaneous
 S - a lightning rod (inert)
 W - a phial of floods (inert)


   Skills:
 + Level 15.9 Fighting
 + Level 14.8 Axes
 + Level 6.6 Ranged Weapons
 - Level 1.0 Throwing
 - Level 12.0 Armour
 - Level 5.0 Dodging
 - Level 2.0 Stealth
 + Level 7.1 Shields
 - Level 7.0 Spellcasting
 + Level 13.2 Conjurations
 + Level 1.5 Hexes
 + Level 14.7 Fire Magic
 - Level 6.0 Invocations
 - Level 3.0 Evocations


You had 15 spell levels left.
You knew the following spells:

 Your Spells              Type           Power      Damage    Failure   Level
a - Foxfire               Conj/Fire      100%       2x1d9     1%          1
b - Scorch                Fire           100%       2d9       1%          2
c - Sticky Flame          Conj/Fire      52%        2d7       1%          4
d - Flame Wave            Conj/Fire      52%        2d13      1%          4
e - Fulminant Prism       Conj/Hex       15%        3d10      8%          4

Your spell library contained the following spells:

 Spells                   Type           Power      Damage    Failure   Level
 Kiss of Death            Conj/Necr      100%       2d13      1%          1
 Magic Dart               Conj           100%       1d8       1%          1
 Shock                    Conj/Air       100%       1d9       1%          1
 Searing Ray              Conj           100%       2d8       1%          2
 Static Discharge         Conj/Air       56%        3-6/arc   1%          2
 Inner Flame              Hex/Fire       33%        N/A       1%          3
 Dazzling Flash           Conj/Hex       62%        N/A       2%          3
 Volatile Blastmotes      Fire/Tloc      62%        2d15      2%          3
 Hailstorm                Conj/Ice       28%        3d8       3%          3
 Ignite Poison            Fire/Tmut/Pois 22%        N/A       6%          3
 Slow                     Hex            44%        N/A       9%          1
 Jinxbite                 Hex            22%        N/A       13%         2
 Apportation              Tloc           10%        N/A       16%         1
 Freeze                   Ice            20%        1d4       16%         1
 Summon Small Mammal      Summ           20%        N/A       16%         1
 Ensorcelled Hibernation  Hex/Ice        16%        N/A       19%         2
 Call Imp                 Summ           10%        N/A       24%         2
 Cigotuvi's Dreadful Rot  Necr/Pois/Air  10%        N/A       24%         2
 Lesser Beckoning         Tloc           10%        N/A       24%         2
 Passwall                 Tmut/Erth      4%         N/A       24%         2
 Poisonous Vapours        Pois/Air       10%        N/A       24%         2
 Sublimation of Blood     Necr           5%         N/A       24%         2
 Confusing Touch          Hex            11%        N/A       26%         3
 Sigil of Binding         Hex            11%        N/A       26%         3
 Irradiate                Conj/Tmut      14%        3d16      30%         5
 Call Canine Familiar     Summ           5%         N/A       43%         3
 Frozen Ramparts          Ice            10%        1d2       43%         3
 Gell's Gravitas          Tloc           5%         N/A       43%         3
 Swiftness                Air            5%         N/A       43%         3
 Teleport Other           Tloc           5%         N/A       43%         3
 Vampiric Draining        Necr           5%         2d6       43%         3
 Freezing Cloud           Conj/Ice/Air   10%        6-21      58%         5
 Cause Fear               Hex            5%         N/A       65%         4
 Anguish                  Hex/Necr       4%         N/A       75%         4
 Dimensional Bullseye     Hex/Tloc       4%         N/A       75%         4
 Leda's Liquefaction      Hex/Erth       4%         N/A       75%         4
 Airstrike                Air            2%         2d(1-17)  85%         4
 Animate Dead             Necr           5%         N/A       85%         4
 Manifold Assault         Tloc           5%         N/A       85%         4
 Summon Ice Beast         Ice/Summ       5%         N/A       85%         4
 Summon Lightning Spire   Summ/Air       5%         N/A       85%         4
 Bombard                  Conj/Erth      14%        9d3       86%         6
 Conjure Ball Lightning   Conj/Air       14%        3x3d6     86%         6
 Summon Mana Viper        Hex/Summ       8%         N/A       97%         5
 Agony                    Necr           5%         N/A       99%         5
 Borgnjor's Vile Clutch   Necr/Erth      2%         N/A       99%         5
 Death Channel            Necr           2%         N/A       100%        6
 Dispersal                Tloc           2%         N/A       100%        6
 Simulacrum               Ice/Necr       2%         N/A       100%        6
 Enfeeble                 Hex            5%         N/A       100%        7
 Haunt                    Necr/Summ      2%         N/A       100%        7
 Disjunction              Tloc           2%         N/A       100%        8


Dungeon Overview and Level Annotations

Branches:
Dungeon (15/15)            Temple (0/1) D:7            Lair (5/5) D:11
  Swamp (4/4) Lair:2        Snake (1/4) Lair:2        Slime (0/5) Lair:4
    Orc (2/2) D:11            Elf (0/3) Orc:2        Vaults (0/5) D:14
 Depths (0/4) D:15        Ossuary (visited)           IceCv (visited)

Altars:
Elyvilon
Fedhas
Hepliaklqana
Kikubaaqudgha
Okawaru
Sif Muna
Uskayaw
Vehumet
Xom
Zin
Beogh
Jiyva

Shops:
D:1 =   D:9 [   Orc:1 [   Orc:2 *:[(

Portals:
Abyss: Lair:1

Annotations:
D:9 Erolcha
Lair:1 2 transporters, BubbleThief's ghost, novice OpSh
Lair:5 3 runed translucent doors, olddryhag's ghost, journeyman DsGl
Swamp:2 3 runed translucent doors, Feol's ghost, adept DEHs
Snake:1 Agnes


Message History

You slash Agnes!
Agnes is lightly wounded.
Your +2 spectral broad axe barely misses Agnes.
Agnes burns!
Agnes hits you with a +7 vampiric lajatang!
You block Agnes's attack.
You slice Agnes!!
Agnes is heavily wounded.
Your +2 spectral broad axe hits Agnes!
Agnes burns!
Agnes hits you with a +7 vampiric lajatang!!
Agnes draws strength from your wounds!
You hit Agnes.
Agnes is heavily wounded.
Your +2 spectral broad axe hits Agnes.
Agnes burns!
Agnes hits your +2 spectral broad axe with a +7 vampiric lajatang!!
Your spectral weapon shares its damage with you!
Agnes hits your +2 spectral broad axe with a +7 vampiric lajatang!
Your spectral weapon shares its damage with you!
Your +2 spectral broad axe disappears.
You strike the helpless Agnes from behind!
You slash Agnes!
Agnes is severely wounded.
Your +2 spectral broad axe hits Agnes!
Agnes burns!
Agnes hits you with a +7 vampiric lajatang!!
* * * LOW HITPOINT WARNING * * *
Casting: Sticky Flame (mildly dangerous; 1% risk of failure)
Confirm with . or Enter, or press ? or * to list all spells.
Aiming: Sticky Flame (mildly dangerous; 1% risk of failure)
Press: ? - help, Shift-Dir - straight line, f/p - Agnes
Aim: Agnes, wielding a +7 vampiric lajatang and wearing a +0 robe (almost dead, covered in liquid flames)
The sticky flame hits Agnes.
Agnes is almost dead.
Agnes is covered in liquid flames!
Your +2 spectral broad axe disappears.
Agnes burns!
Agnes mutters, "I never trained for this."
You block Agnes's attack.
Agnes hits you with a +7 vampiric lajatang!!
You die...
Agnes says, "May you follow the Path of Peace in your next life."

....#######.##..#
#. #.###.# ## .
#.# #.# .#
#.###.# .##
#.....# ..# ##
##....# ..# ..
#....# ..# .. #
####....###..#.#
#. .
.......@iS.....#
.#
........###..#.#
###.####
####(...# .ยง#
........ #....#
#.# ........
#....# .#
........ #....#
.. ########
####). .. #.. .S
#


You could see Agnes (burning) and an anaconda (combustible).

Vanquished Creatures
  the Lernaean hydra (Swamp:4)
  Asterion (Snake:1)
  Gastronok (Lair:2)
  A thorn hunter (Swamp:2)
  An orc warlord (Orc:2)
  An ironbound preserver (D:14)
  Nessos (D:14)
  Azrael (D:12)
  A bunyip (Swamp:4)
  Snorg (Orc:1)
  An entropy weaver (D:14)
  Fannar (Lair:2)
  A rakshasa (D:15)
  14 hydras
  2 shambling mangroves
  2 ogre magi (D:15)
  7 alligators
  3 ghost crabs
  An anaconda (Snake:1)
  8 two-headed ogres
  4 centaur warriors
  2 ironbound frosthearts (IceCv)
  A catoblepas (Lair:5)
  4 boulder beetles
  26 death yaks
  A naga warrior (Lair:2)
  A tengu warrior (D:15)
  2 deep troll shamans
  An orc high priest (Orc:2)
  A skyshark (Lair:4)
  3 goliath frogs
  4 spriggan druids
  3 skeletal warriors (D:14)
  11 swamp dragons
  4 deep trolls (D:14)
  A naga ritualist (Lair:2)
  An arcanist (D:14)
  A glowing orange brain (D:15)
  2 deep elf pyromancers
  2 bog bodies
  A lindwurm (shapeshifter) (D:15)
  3 orc knights
  An oklob plant (Lair:1)
  3 orc sorcerers
  A salamander (Snake:1)
  6 mana vipers (Snake:1)
  11 ugly things
  4 cyclopes
  18 elephants
  12 black mambas
  5 kobold blastminers
  2 naga magi
  A gargoyle (D:8)
  An ice statue (IceCv)
  12 komodo dragons
  A molten gargoyle (D:13)
  2 unseen horrors (D:13)
  9 cane toads
  3 yaktaurs (D:15)
  A rime drake (IceCv)
  A freezing wraith (D:15)
  5 trolls
  A queen bee (Lair:3)
  11 hornets
  4 blink frogs (Lair:4)
  A wolf spider simulacrum (D:14)
  3 meliai (D:13)
  7 dream sheep (Lair:5)
  6 tyrant leeches
  11 polar bears
  Sigmund (D:3)
  18 slime creatures
  3 shadows
  A wyvern (Lair:5)
  10 spriggans
  A vampire (D:12)
  7 basilisks
  77 yaks
  6 fire elementals
  11 vampire mosquitoes
  A steam dragon (D:9)
  2 acid dragons
  14 swamp worms
  2 wargs (Orc:2)
  16 water moccasins
  3 nagas
  5 hell hounds
  22 orc warriors
  5 black bears
  An ice beast (D:6)
  6 swamp drakes (Swamp:4)
  A black bear (shapeshifter) (D:15)
  A sky beast (D:7)
  27 wolves
  8 ogres
  9 centaurs
  2 phantoms
  2 kobold brigands
  10 bullfrogs
  3 gnoll sergeants
  7 scorpions
  6 wights
  28 killer bees
  3 howler monkeys
  3 lava snakes (D:13)
  5 hounds
  6 jellies
  9 orc priests
  4 iguanas
  A hell rat (D:11)
  A sleepcap (D:7)
  19 orc wizards
  A boggart simulacrum (D:15)
  2 hound zombies (Ossuary)
  4 mummies (Ossuary)
  19 gnolls
  3 adders
  A shadow imp (D:6)
  2 white imps (D:7)
  An adder zombie (Ossuary)
  2 worms (D:3)
  3 dart slugs
  40 orcs
  4 endoplasms
  5 giant cockroaches
  7 goblins
  8 hobgoblins
  2 jackals (D:1)
  7 ball pythons
  13 bats
  2 frilled lizards
  A gnoll zombie (Ossuary)
  A hobgoblin zombie (Ossuary)
  13 kobolds
  2 kobold zombies (Ossuary)
  2 orc zombies (Ossuary)
  5 rats
  3 rat zombies (Ossuary)
792 creatures vanquished.

Vanquished Creatures (collateral kills)
  13 foxfires
13 creatures vanquished.

Vanquished Creatures (others)
  A hydra (Swamp:3)
  A warg (Orc:2)
  A wolf (IceCv)
  An orc (D:9)
  A quokka (D:9)
  2527 foxfires
  A spectral weapon (Snake:1)
2533 creatures vanquished.

Grand Total: 3338 creatures vanquished

Notes
Turn   | Place    | Note
-------+----------+-------------------------------------------
     0 | D:1      | Lobster4 the Hill Orc Fire Elementalist began the quest for
                  | the Orb.
     0 | D:1      | Reached XP level 1. HP: 14/14 MP: 3/3
   321 | D:1      | Found Zonebbib's Jewellery Shop.
   418 | D:1      | Reached XP level 2. HP: 13/22 MP: 1/4
   540 | D:1      | Learned a level 2 spell: Scorch
   575 | D:1      | Found a faded altar of an unknown god.
  1429 | D:2      | Reached XP level 3. HP: 27/27 MP: 0/5
  1664 | D:2      | Reached skill level 1 in Fighting
  2062 | D:3      | Reached skill level 1 in Armour
  2683 | D:3      | Reached XP level 4. HP: 35/35 MP: 6/6
  2721 | D:3      | Noticed Sigmund
  3133 | D:3      | Killed Sigmund
  3134 | D:3      | Reached skill level 2 in Fighting
  3134 | D:3      | Reached skill level 1 in Shields
  3134 | D:3      | Reached XP level 5. HP: 41/41 MP: 8/8
  3134 | D:3      | Reached XP level 6. HP: 48/48 MP: 9/9
  3427 | D:4      | Noticed a black bear
  3430 | D:4      | Killed a black bear
  3643 | D:4      | Found an iron altar of Okawaru.
  3818 | D:4      | Reached XP level 7. HP: 56/56 MP: 10/10
  4029 | D:4      | Reached skill level 3 in Fighting
  4286 | D:5      | Entered Level 5 of the Dungeon
  4755 | D:5      | Found a shimmering blue altar of Sif Muna.
  4756 | D:5      | Found an ancient bone altar of Kikubaaqudgha.
  4756 | D:5      | Found a radiant altar of Vehumet.
  4763 | D:5      | Got Vehumet's Almanac of Bombardment
  4771 | D:5      | Became a worshipper of Sif Muna the Loreminder
  4948 | D:5      | Reached skill level 1 in Invocations
  5039 | D:5      | Found a glowing silver altar of Zin.
  5201 | D:6      | Reached XP level 8. HP: 41/63 MP: 12/12
  5378 | D:6      | Found a sand-covered staircase.
  5437 | Ossuary  | Entered an ossuary
  5453 | Ossuary  | Reached skill level 5 in Fire Magic
  5811 | D:5      | Reached skill level 4 in Fighting
  6612 | D:6      | Reached * piety under Sif Muna
  6900 | D:6      | Reached XP level 9. HP: 60/72 MP: 14/14
  7068 | D:6      | Reached skill level 5 in Axes
  7445 | D:6      | Reached skill level 5 in Fighting
  8152 | D:7      | Learned a level 4 spell: Flame Wave
  8270 | D:7      | Found a staircase to the Ecumenical Temple.
  8341 | D:7      | Found a blossoming altar of Fedhas.
  8904 | D:8      | Noticed a gargoyle
  8915 | D:8      | Killed a gargoyle
  8916 | D:8      | Reached skill level 5 in Armour
  9560 | D:8      | Found a hazy altar of Hepliaklqana.
  9642 | D:8      | Reached skill level 5 in Shields
  9816 | D:8      | Reached skill level 5 in Conjurations
 10177 | D:9      | Reached skill level 6 in Fighting
 10325 | D:9      | Found a white marble altar of Elyvilon.
 10349 | D:9      | Noticed a troll
 10358 | D:9      | Killed a troll
 10359 | D:9      | Reached XP level 10. HP: 83/83 MP: 16/16
 10544 | D:9      | Noticed Erolcha
 10655 | D:10     | Entered Level 10 of the Dungeon
 10661 | D:10     | Reached ** piety under Sif Muna
 10994 | D:10     | Noticed a two-headed ogre
 11271 | D:10     | Killed a two-headed ogre
 11373 | D:10     | Found a hide-covered altar of Uskayaw.
 11373 | D:10     | Found a shimmering altar of Xom.
 12453 | D:11     | Noticed a cyan ugly thing
 12463 | D:11     | HP: 4/84 [cyan ugly thing (16)]
 12466 | D:11     | Killed a brown ugly thing
 12467 | D:11     | Reached skill level 7 in Fighting
 12586 | D:11     | Found a frozen archway.
 12695 | IceCv    | Entered an ice cave
 12756 | IceCv    | Reached skill level 1 in Evocations
 12921 | IceCv    | Reached XP level 11. HP: 51/92 MP: 11/18
 13095 | IceCv    | Reached skill level 5 in Spellcasting
 13554 | IceCv    | HP: 5/141 [yak (8)]
 13977 | IceCv    | Reached skill level 8 in Fighting
 15108 | IceCv    | Noticed a death yak
 15393 | IceCv    | Noticed a death yak
 15393 | IceCv    | Noticed a death yak
 15514 | IceCv    | Noticed a death yak
 15535 | IceCv    | Killed a death yak
 15535 | IceCv    | Killed a death yak
 15540 | IceCv    | Killed a death yak
 15541 | IceCv    | Noticed a death yak
 15543 | IceCv    | Noticed a death yak
 15589 | IceCv    | Killed a death yak
 15590 | IceCv    | Reached XP level 12. HP: 103/103 MP: 19/19
 15596 | IceCv    | Killed a death yak
 15597 | IceCv    | Reached skill level 9 in Fighting
 15663 | IceCv    | Killed a death yak
 15758 | IceCv    | Reached *** piety under Sif Muna
 15866 | IceCv    | Noticed an ironbound frostheart
 15879 | IceCv    | Killed an ironbound frostheart
 16005 | IceCv    | Noticed an ironbound frostheart
 16027 | IceCv    | Killed an ironbound frostheart
 16223 | IceCv    | Noticed a death yak
 16223 | IceCv    | Noticed a death yak
 16256 | IceCv    | Killed a death yak
 16261 | IceCv    | Killed a death yak
 16611 | D:11     | Found a staircase to the Orcish Mines.
 16621 | D:11     | Noticed a death yak
 16621 | D:11     | Noticed a death yak
 16647 | D:11     | Killed a death yak
 16763 | D:11     | Noticed a death yak
 16774 | D:11     | Noticed a death yak
 16790 | D:10     | Killed a death yak
 16791 | D:10     | Reached skill level 1 in Ranged Weapons
 16791 | D:10     | Reached skill level 1 in Throwing
 16984 | D:11     | Noticed a death yak
 16992 | D:10     | Killed a death yak
 16993 | D:10     | Reached skill level 10 in Axes
 17206 | D:11     | Found a staircase to the Lair.
 17257 | D:11     | Noticed a death yak
 17295 | D:11     | Killed a death yak
 17296 | D:11     | Reached skill level 10 in Fighting
 18219 | D:10     | Killed a death yak
 18569 | D:11     | Killed a death yak
 18570 | D:11     | Reached skill level 10 in Fire Magic
 18570 | D:11     | Reached XP level 13. HP: 59/114 MP: 6/20
 19157 | Lair:1   | Entered Level 1 of the Lair of Beasts
 19203 | Lair:1   | Found a transporter.
 19213 | Lair:1   | Noticed a rakshasa
 19224 | Lair:1   | Found a one-way gate to the infinite horrors of the Abyss.
 19229 | Lair:1   | Found a transporter.
 19264 | Lair:1   | Noticed BubbleThief's ghost (novice OpSh)
 19397 | Lair:1   | Reached **** piety under Sif Muna
 20123 | Lair:1   | Reached skill level 11 in Fighting
 20197 | Lair:1   | Reached skill level 10 in Armour
 20758 | Lair:2   | Noticed Fannar
 20758 | Lair:2   | Found a staircase to the Swamp.
 21282 | Lair:2   | Killed Fannar
 21623 | Lair:2   | Got the Grimoire of the Planar Legion
 21632 | Lair:2   | Found a staircase to the Snake Pit.
 22218 | Lair:2   | Noticed Gastronok
 22245 | Lair:2   | Killed Gastronok
 23205 | Lair:3   | Reached skill level 5 in Invocations
 23444 | Lair:3   | Reached ***** piety under Sif Muna
 23578 | Lair:3   | Reached XP level 14. HP: 125/125 MP: 17/21
 23720 | Lair:3   | Received a gift from Sif Muna
 23725 | Lair:3   | Got Sif Muna's Parchment of Reconstruction and Bruises {god
                  | gift}
 23857 | Lair:3   | Learned a level 4 spell: Sticky Flame
 24574 | Lair:4   | Found a staircase to the Slime Pits.
 24956 | Lair:4   | Reached skill level 12 in Fighting
 25154 | Lair:4   | Reached skill level 10 in Conjurations
 26599 | Lair:5   | Entered Level 5 of the Lair of Beasts
 27920 | Lair:5   | Found a runed translucent gate.
 27921 | Lair:5   | Found a runed translucent gate.
 27922 | Lair:5   | Found a runed translucent gate.
 27922 | Lair:5   | Noticed an acid blob
 27922 | Lair:5   | Noticed an acid blob
 27923 | Lair:5   | Noticed an azure jelly
 27923 | Lair:5   | Noticed an acid blob
 27923 | Lair:5   | Noticed a quicksilver ooze
 27924 | Lair:5   | Noticed an azure jelly
 27924 | Lair:5   | Noticed an acid blob
 27924 | Lair:5   | Noticed olddryhag's ghost (journeyman DsGl)
 27924 | Lair:5   | Noticed an acid blob
 27925 | Lair:5   | Noticed an acid blob
 27926 | Lair:5   | Found a viscous altar of Jiyva.
 27926 | Lair:5   | Noticed an acid blob
 29014 | Lair:5   | Reached XP level 15. HP: 59/134 MP: 18/22
 29261 | Lair:5   | Reached skill level 5 in Dodging
 29467 | Lair:5   | Reached skill level 13 in Fighting
 30069 | Orc:1    | Entered Level 1 of the Orcish Mines
 30165 | Orc:1    | Noticed Snorg
 30299 | Orc:1    | Killed Snorg
 30610 | Orc:1    | Received a gift from Sif Muna
 30626 | Orc:1    | Got Sif Muna's Collected Works on Gusty Skeletons {god
                  | gift}
 30913 | Orc:1    | Found Koatruak's Antique Armour Shoppe.
 31043 | Orc:2    | Entered Level 2 of the Orcish Mines
 31147 | Orc:2    | Found a staircase to the Elven Halls.
 31417 | Orc:2    | Noticed an orc warlord
 31598 | Orc:2    | Killed an orc warlord
 31969 | Orc:2    | Found a roughly hewn altar of Beogh.
 32854 | Orc:2    | Found a roughly hewn altar of Beogh.
 33388 | Orc:2    | Found Naoqeo's Antique Armour Boutique.
 33404 | Orc:2    | Found Cokkao's Antique Weapon Boutique.
 33427 | Orc:2    | Found Jius's Book Boutique.
 33443 | Orc:2    | Found Dynocyr's General Store.
 33466 | Orc:2    | Bought the +4 Cigotuvi's embrace {Corpsefed rMiasma ^Drain
                  | rN+} for 772 gold pieces
 33466 | Orc:2    | Found the +4 Cigotuvi's embrace {Corpsefed rMiasma ^Drain
                  | rN+}
 33481 | Orc:2    | Bought a fine ring mail for 252 gold pieces
 33481 | Orc:2    | Identified the +0 ring mail of the Cooper {rPois Regen+
                  | Str+4 Int-3} (You bought it in a shop on level 2 of the
                  | Orcish Mines)
 34919 | D:13     | Noticed Azrael
 34935 | D:12     | Killed Azrael
 35595 | D:13     | Reached skill level 14 in Fighting
 36591 | D:13     | Found a shimmering blue altar of Sif Muna.
 36894 | D:14     | Noticed Nessos
 36900 | D:14     | Killed Nessos
 37303 | D:9      | Found Oqinah's Armour Shop.
 38044 | D:14     | Found a gate to the Vaults.
 38378 | D:14     | Reached XP level 16. HP: 142/146 MP: 24/24
 38617 | D:14     | Found the necklace of Bloodlust {Fury *Rage Will++ Int-3
                  | Slay+6}
 38798 | D:14     | Received a gift from Sif Muna
 38801 | D:14     | Got Sif Muna's Magic, Part Two {god gift}
 39184 | D:15     | Entered Level 15 of the Dungeon
 41623 | D:15     | Found a staircase to the Depths.
 42381 | Orc:2    | Bought a transparent rapier for 333 gold pieces
 42381 | Orc:2    | Identified the +3 rapier of Freehold {chaos, rN+} (You
                  | bought it in a shop on level 2 of the Orcish Mines)
 42486 | Swamp:1  | Entered Level 1 of the Swamp
 43532 | Swamp:2  | Reached skill level 5 in Ranged Weapons
 43533 | Swamp:2  | Noticed a thorn hunter
 43556 | Swamp:2  | Killed a thorn hunter
 43557 | Swamp:2  | Reached skill level 15 in Fighting
 44308 | Swamp:2  | Found a runed translucent gate.
 44308 | Swamp:2  | Found a runed translucent gate.
 44310 | Swamp:2  | Found a runed translucent gate.
 44311 | Swamp:2  | Noticed Feol's ghost (adept DEHs)
 45798 | Swamp:3  | Reached XP level 17. HP: 156/156 MP: 26/27
 45914 | Swamp:4  | Entered Level 4 of the Swamp
 47382 | Swamp:4  | Received a gift from Sif Muna
 47385 | Swamp:4  | Got Sif Muna's Precepts of the Radiant Dragon {god gift}
 47644 | Swamp:4  | Noticed the 27-headed Lernaean hydra
 47754 | Swamp:4  | Killed the 27-headed Lernaean hydra
 47997 | Swamp:4  | Got a decaying rune of Zot
 48229 | Snake:1  | Entered Level 1 of the Snake Pit
 48336 | Snake:1  | Learned a level 4 spell: Fulminant Prism
 48701 | Snake:1  | Reached skill level 1 in Hexes
 48825 | Snake:1  | Noticed Asterion
 48834 | Snake:1  | Killed Asterion
 49251 | Snake:1  | Noticed Agnes
 49265 | Snake:1  | Mangled by Agnes

Illustrated notes

Levels and vault maps discovered:
D:1:      mrwooster_arrival_statue_3, layout_basic, serial_shops,
          nicolae_shop_advertising_works [nicolae_subvault_shop_adworks],
          ebering_ecumenical_altar_sacrificial
D:2:      layout_basic, kennysheep_nondescript, hangedman_decor_clover_reticule
D:3:      layout_basic, uniq_sigmund
D:4:      layout_loops_ring, mainiacjoe_overflow_boulevard, patterned_corridor
D:5:      layout_basic, grunt_temple_overflow_magic_moments,
          nicolae_overflow_hidden_temple
D:6:      layout_gridville, nicolae_ossuary_entry_ruins
D:7:      layout_cave_pools, fedhas_ov_isle_minmay,
          minmay_temple_entry_sparse_star, kennysheep_small_circle
D:8:      layout_loops_ring, nicolae_overflow_crystal_walls
D:9:      layout_roguey, elyvilon_altar_4, serial_shops,
          nicolae_shop_tiny_statue_garden, uniq_erolcha
D:10:     layout_basic, mainiacjoe_overflow_divided_tiny, serial_library,
          serial_library_regret_index_small_wings,
          serial_library_hellmonk_reading_circle,
          serial_library_hellmonk_big_corner, serial_library_regret_index_multi,
          serial_library_regret_index_double_sided,
          serial_library_regret_index_split_case,
          serial_library_hellmonk_room_b,
          serial_library_regret_index_double_sided
D:11:     layout_irregular_city, dpeg_lair_monsters, orc_0_dummy,
          portal_ice_cave_entry_pillars_2
D:12:     old_forge, layout_basic
D:13:     layout_basic, led_sif_pool, uniq_azrael
D:14:     layout_long_grid, hellmonk_vaults_order_and_chaos,
          kennysheep_small_spiral, nicolae_two_hexagons,
          hellmonk_guarded_unrand_vitality_bloodlust, uniq_nessos
D:15:     gammafunk_enter_depths_forms, layout_layer_cave,
          minmay_misc_feat_encased
Lair:1:   layout_cellular_growth, gammafunk_ghost_abyssal_escape,
          beast_lair_carwin_10
Lair:2:   layout_cellular_growth, minmay_swamp_entry_worms,
          guppyfry_snake_entry_garden, uniq_gastronok, uniq_fannar
Lair:3:   layout_gridlike, special_room [special_room_bee], st_stairs_6,
          infiniplex_staircase_pool_2
Lair:4:   layout_layer_cave, slime_entry_1, st_stairs_7
Lair:5:   grunt_lair_end_beastmaster, layout_long_grid, gammafunk_ghost_ooze,
          guppyfry_lair_drakes
Swamp:1:  layout_falls_marsh, evilmike_swamp_ruin_house_3
Swamp:2:  layout_basic_swamp, gammafunk_ghost_hydra_chop,
          evilmike_swamp_ruin_rubble_2, swamp_pool_1_2
Swamp:3:  layout_basic_swamp, nicolae_swamp_ascending_descending,
          nicolae_swamp_tree_isthmus
Swamp:4:  swamp_old_school, layout_basic_swamp,
          nicolae_swamp_decorative_isthmus, infiniplex_staircase_pool
Snake:1:  layout_rooms, drop_trap, uniq_agnes, uniq_josephine, uniq_asterion
Orc:1:    layout_caves, serial_shops, shop, dreamdust_deal_with_the_devil,
          uniq_snorg
Orc:2:    grunt_orc_cross, layout_diamond_mine, basic_altar

Skill      XL: |  1  2  3  4  5  6  7  8  9 10 11 12 13 14 15 16 17 |
---------------+----------------------------------------------------+-----
Fighting       | 1 2 3 4 6 7 8 10 11 12 14 15 | 15.9
Armour         | 1 2 3 4 5 6 8 9 10 11 12 | 12.0
Axes           | 2 3 4 5 7 8 10 12 14 | 14.8
Dodging        | 2 3 4 5 |  5.0
Stealth        | 2 |  2.0
Shields        | 1 2 3 5 6 7 |  7.1
Spellcasting   | 2 3 4 5 6 7 |  7.0
Conjurations   | 2 3 4 5 6 7 8 9 10 11 12 13 | 13.2
Fire Magic     | 4 5 6 7 8 10 11 12 13 14 | 14.7
Invocations    | 1 3 5 6 |  6.0
Evocations     | 1 3 |  3.0
Ranged Weapons | 2 3 5 6 |  6.6
Throwing       | 1 |  1.0
Hexes          | 1 |  1.5

Action                     |  1- 3 |  4- 6 |  7- 9 | 10-12 | 13-15 | 16-18 || total
---------------------------+-------+-------+-------+-------+-------+-------++-------
  Melee: Short sword       |    15 |       |       |       |       |       ||    15
         Unarmed           |     1 |       |       |       |       |       ||     1
         War axe           |       |       |     8 |   123 |   480 |   179 ||   790
         Punch             |       |       |     1 |       |       |       ||     1
         Broad axe         |       |       |       |       |       |    26 ||    26
   Fire: Hand cannon       |       |       |       |       |    43 |     2 ||    45
  Throw: Dart              |       |       |       |    47 |    22 |    10 ||    79
         Throwing net      |       |       |       |     2 |     1 |       ||     3
         Boomerang         |       |       |       |       |     6 |       ||     6
   Cast: Foxfire           |    68 |    12 |   175 |   192 |   727 |   315 ||  1489
         Scorch            |    10 |    33 |   123 |   287 |   436 |   233 ||  1122
         Flame Wave        |       |       |       |     8 |    26 |     7 ||    41
         Sticky Flame      |       |       |       |       |   105 |    89 ||   194
  Evoke: Wand              |       |       |       |     9 |     1 |     2 ||    12
         Lightning rod     |       |       |       |     7 |     5 |     8 ||    20
         Phial of floods   |       |       |       |       |       |     1 ||     1
    Use: Scroll            |       |     1 |    11 |     9 |    10 |    15 ||    46
         Potion            |       |       |       |     4 |     2 |     1 ||     7
   Stab: Held in net/web   |       |       |       |     2 |       |       ||     2
         Distracted        |       |       |       |       |       |     3 ||     3
 Armour: Robe              |    20 |     3 |    54 |   119 |     8 |       ||   204
         Leather armour    |       |       |    21 |   134 |   214 |   433 ||   802
         Ring mail         |       |       |       |   116 |     7 |       ||   123
         Troll leather arm |       |       |       |       |   409 |       ||   409
  Dodge: Dodged            |    19 |     6 |    63 |   190 |   403 |   157 ||   838
  Block: Buckler           |       |       |    11 |    98 |   478 |   229 ||   816
         Reflection        |       |       |       |       |    20 |    17 ||    37

Table legend: (Time is in decaauts)
 A = Elapsed time spent in this place.
 B = Non-inter-level travel time spent in this place.
 C = Inter-level travel time spent in this place.
 D = Time resting spent in this place.
 E = Time spent auto-exploring this place.
 F = Levels seen in this place.
 G = Mean time per level.
                   A        B        C        D        E       F      G
               +--------+--------+--------+--------+--------+-----+--------+
         Total |  49612 |  47103 |   2509 |  11040 |  27361 |  29 | 1710.8 |
       Dungeon |  24341 |  22858 |   1483 |   4165 |  15211 |  15 | 1622.7 |
          Lair |  11166 |  10670 |    496 |   2030 |   6658 |   5 | 2233.2 |
         Swamp |   6002 |   5692 |    310 |   2126 |   2177 |   4 | 1500.5 |
     Snake Pit |    706 |    706 |      0 |    130 |    372 |   1 |  706.0 |
  Orcish Mines |   3399 |   3182 |    217 |    593 |   1931 |   2 | 1699.5 |
       Ossuary |    303 |    303 |      0 |     79 |    160 |   1 |  303.0 |
      Ice Cave |   3693 |   3693 |      0 |   1917 |    851 |   1 | 3693.0 |
               +--------+--------+--------+--------+--------+-----+--------+

Top non-repeatable levels by time:
   IceCv: 3693 daAuts
  Lair:5: 3222 daAuts
    D:15: 2745 daAuts
     D:6: 2596 daAuts
   Orc:2: 2518 daAuts
    D:10: 2473 daAuts
    D:11: 2334 daAuts
 Swamp:4: 2323 daAuts
    D:12: 2289 daAuts
  Lair:1: 2218 daAuts
    D:14: 2211 daAuts
  Lair:4: 1978 daAuts
  Lair:3: 1957 daAuts
  Lair:2: 1789 daAuts
 Swamp:2: 1391 daAuts
